Map: Frost LE

Players

ELGOLDEN - Winner!

  • Race: Protoss Protoss
  • League: Silver

Rakan

  • Race: Terran Terran
  • League: Diamond

VOD

https://www.youtube.com/channel/UCcSgNfDNxvyisU-eCj9xyNg/playlists

Description

Time

  • Played on: Aug. 14, 2016, 1:47 p.m.
  • Length: 9:52
Show
View Real Time Build Order
Export as new Build Order

ELGOLDEN Protoss - Winner!

Build Orders: Nexus First, Oracle Opening 

Get SALT Encoding   

  12  0:01  Probe (Chrono Boost)  
  13  0:11  Probe (Chrono Boost)  
  14  0:17  Pylon  
  14  0:22  Probe (Chrono Boost)  
  15  0:28  Assimilator  
  15  0:35  Probe (Chrono Boost)  
  16  0:46  Probe (Chrono Boost)  
  17  1:02  Nexus  
  17  1:12  Gateway  
  17  1:15  Probe (Chrono Boost)  
  18  1:21  Assimilator  
  19  1:25  Probe (Chrono Boost)  
  19  1:37  Pylon  
  19  1:39  Probe (Chrono Boost)  
  20  1:49  Probe (Chrono Boost)  
  21  1:59  Cybernetics Core  
  21  2:00  Probe (Chrono Boost)  
  22  2:05  Zealot  
  24  2:10  Probe (Chrono Boost)  
  24  2:15  Probe (Chrono Boost)  
  26  2:21  Probe (Chrono Boost)  
  27  2:28  Probe (Chrono Boost)  
  28  2:32  Probe (Chrono Boost)  
  29  2:40  Stargate  
  29  2:41  Mothership Core (Chrono Boost)  
  29  2:42  Probe (Chrono Boost)  
  29  2:43  Adept  
  34  2:47  Warp Gate  
  34  2:51  Pylon  
  34  2:53  Probe (Chrono Boost)  
  34  3:12  Probe x2 (Chrono Boost)  
  36  3:21  Oracle  
  36  3:24  Probe (Chrono Boost)  
  40  3:28  Probe (Chrono Boost)  
  40  3:30  Assimilator  
  40  3:34  Assimilator  
  41  3:36  Probe (Chrono Boost)  
  41  3:39  Probe (Chrono Boost)  
  43  3:44  Pylon  
  43  3:47  Pylon  
  43  3:48  Probe (Chrono Boost)  
  44  3:49  Probe (Chrono Boost)  
  45  4:00  Probe x2 (Chrono Boost)  
  45  4:01  Pylon  
  47  4:07  Robotics Facility  
  47  4:10  Probe (Chrono Boost)  
  47  4:12  Probe (Chrono Boost)  
  49  4:21  Probe (Chrono Boost)  
  49  4:22  Phoenix  
  51  4:24  Probe (Chrono Boost)  
  54  4:31  Probe (Chrono Boost)  
  54  4:36  Probe (Chrono Boost)  
  55  4:42  Probe (Chrono Boost)  
  55  4:44  Phoenix  
  56  4:48  Probe (Chrono Boost)  
  56  4:52  Probe (Chrono Boost)  
  61  5:00  Probe (Chrono Boost)  
  61  5:03  Probe (Chrono Boost)  
  61  5:04  Robotics Bay  
  61  5:05  Nexus  
  62  5:07  Observer  
  62  5:10  Pylon  
  62  5:11  Phoenix  
  62  5:12  Pylon  
  62  5:13  Probe x2 (Chrono Boost)  
  65  5:16  Stalker  
  69  5:24  Probe (Chrono Boost)  
  69  5:25  Probe (Chrono Boost)  
  66  6:01  Probe (Chrono Boost)  
  66  6:02  Colossus  
  66  6:03  Probe (Chrono Boost), Stalker  
  76  6:07  Void Ray  
  76  6:12  Probe (Chrono Boost)  
  76  6:15  Probe (Chrono Boost)  
  82  6:22  Probe (Chrono Boost)  
  84  6:27  Probe (Chrono Boost)  
  84  6:33  Probe (Chrono Boost)  
  84  6:36  Extended Thermal Lance  
  84  6:39  Probe (Chrono Boost)  
  86  6:41  Probe (Chrono Boost)  
  86  6:44  Probe (Chrono Boost), Pylon, Assimilator  
  86  6:46  Assimilator  
  88  6:47  Pylon  
  88  6:49  Pylon, Colossus  
  88  6:51  Probe x2 (Chrono Boost), Pylon  
  90  6:56  Pylon x2  
  90  6:57  Stalker  
  90  6:58  Void Ray  
  102  7:04  Gateway  
  102  7:06  Gateway  
  102  7:08  Gateway  
  102  7:12  Gateway  
  102  7:20  Pylon  
  102  7:23  Sentry  
  104  7:37  Colossus  
  110  7:45  Pylon  
  110  7:50  Stalker  
  112  8:03  Gateway  
  112  8:04  Gateway  
  112  8:08  Stalker x3  
  112  8:09  Stalker  
  112  8:10  Void Ray, Pylon  
  124  8:18  Pylon  
  124  8:27  Stalker  
  126  8:36  Stalker  
  126  8:37  Stalker x3  
  134  8:42  Colossus  
  134  8:47  Pylon  
  140  8:53  Nexus  
  140  8:57  Stalker x2  
  140  8:58  Stalker  
  140  9:00  Void Ray  
  140  9:01  Stalker x2  
  154  9:06  Gateway  
  154  9:07  Stalker  
  154  9:08  Stalker  
  152  9:26  Pylon  
  152  9:28  Pylon, Stalker x4  
  152  9:29  Stalker  
  148  9:47  Stalker x2  
Show
View Real Time Build Order
Export as new Build Order

Rakan Terran 

Build Orders: Reaper Expand, MMM Bio 

Get SALT Encoding   

  12  0:00  SCV  
  13  0:12  SCV  
  14  0:17  Supply Depot  
  14  0:25  SCV  
  15  0:39  SCV  
  15  0:40  Barracks  
  16  0:45  Refinery  
  16  0:51  SCV  
  17  1:03  SCV  
  18  1:16  SCV  
  19  1:28  Reaper  
  19  1:30  Orbital Command  
  20  1:45  Command Center  
  20  1:56  Supply Depot  
  20  1:57  SCV  
  21  2:09  SCV  
  21  2:12  Factory  
  22  2:16  Barracks Tech Lab  
  22  2:21  SCV  
  23  2:24  Refinery  
  23  2:34  SCV  
  24  2:46  SCV, Marine  
  26  2:58  SCV  
  27  3:01  SCV  
  28  3:11  Starport  
  27  3:13  SCV  
  27  3:15  Orbital Command  
  27  3:19  Barracks Tech Lab  
  28  3:20  Cyclone  
  28  3:25  SCV  
  33  3:37  SCV  
  34  3:46  SCV  
  35  3:49  SCV  
  35  3:52  Barracks Reactor  
  36  3:57  Cyclone  
  36  3:58  SCV  
  36  3:59  Command Center  
  41  4:06  Refinery  
  41  4:07  SCV  
  42  4:11  SCV  
  43  4:18  Refinery  
  43  4:19  SCV, Raven  
  46  4:30  Marine  
  46  4:31  Barracks x2  
  46  4:32  SCV, Marine  
  46  4:33  SCV  
  46  4:57  Supply Depot  
  46  4:59  Supply Depot  
  46  5:04  Engineering Bay  
  46  5:11  SCV x2, Marine x2  
  46  5:12  Orbital Command  
  53  5:21  Barracks  
  53  5:23  SCV x2  
  51  5:29  Starport Reactor  
  51  5:35  SCV x2  
  50  5:47  SCV x2  
  52  6:00  SCV  
  52  6:02  Barracks Reactor  
  52  6:03  Barracks Reactor  
  53  6:08  Medivac  
  53  6:09  Barracks x2, Medivac  
  53  6:11  SCV  
  53  6:12  Barracks  
  53  6:13  Stimpack  
  54  6:19  Marine x2  
  54  6:21  SCV  
  54  6:25  SCV  
  56  6:33  SCV  
  56  6:37  SCV  
  58  6:40  Marine x2  
  58  6:41  Marine x3  
  58  6:44  Medivac x2  
  58  6:45  SCV  
  68  6:49  SCV  
  69  6:56  Terran Infantry Weapons Level 1  
  69  6:57  SCV, Supply Depot  
  69  6:59  Barracks Tech Lab, Orbital Command, Marauder, Engineering Bay  
  69  7:00  Barracks Tech Lab, Barracks Reactor  
  72  7:01  SCV  
  72  7:02  Armory  
  72  7:06  Marine x3  
  76  7:09  SCV  
  77  7:16  Supply Depot x2  
  77  7:19  SCV  
  77  7:21  SCV  
  79  7:26  SCV  
  79  7:29  Marine x5  
  84  7:33  Combat Shields  
  84  7:36  Terran Infantry Armor Level 1  
  85  7:37  Medivac x2  
  85  7:38  SCV, Marauder  
  85  7:43  SCV x2  
  85  7:44  Marine x2  
  95  7:48  Supply Depot  
  95  7:49  Supply Depot  
  95  7:50  SCV  
  97  7:52  Marine x2  
  97  7:53  Marine  
  97  7:55  SCV  
  97  7:57  Concussive Shells  
  101  8:10  Marine x4, Marauder  
  101  8:11  SCV, Supply Depot  
  108  8:15  SCV  
  113  8:20  SCV  
  113  8:25  Viking x2, Marine x3  
  116  8:32  Supply Depot, Marauder x2  
  120  8:34  Supply Depot  
  120  8:39  Orbital Command  
  120  8:43  SCV  
  120  8:44  Marine x4  
  120  8:45  Marine x2, Marauder  
  129  8:50  Supply Depot  
  129  8:53  Marauder x2  
  126  9:02  Marine x5  
  130  9:03  Marine  
  130  9:06  Marauder  
  134  9:14  Marauder x2  
  133  9:19  Marine x2  
  133  9:20  Marine x4  
  139  9:28  Marauder  
Tags
 
Add a new tag
Caveats
  • Supply blocks, unpowered buildings, or Contaminate may cause inaccurate times.
  • Supply counts are checked every 10 seconds.